Blackhawks vs Lightning

Created - 22 avril 2024 at 20:36

Goals
1 2 3 T
Blackhawks 2 0 3 5
Lightning 1 2 1 4
Shots
1 2 3 T
Blackhawks 12 6 14 32
Lightning 14 12 12 38

GoalsPenalties
1st period
1. Lightning , Mitchell Marner 32 (Evgeni Dadonov 24, Nikita Zadorov 7) at 2:47
2. Blackhawks , Mark Stone 41 (Carson Soucy 13) at 5:11
3. Blackhawks , Michael Rasmussen 16 (Tyler Bertuzzi 20) at 11:14
Klim Kostin (TAM) for Fighting (Major) at 11:17
Carson Soucy (CHI) for Fighting (Major) at 11:17
Klim Kostin (TAM) for instigated a fight (Minor) at 11:17
Klim Kostin (TAM) for instigated a fight (10 Minutes Misconduct) at 11:17
Luke Kunin (CHI) for Holding (Minor) at 19:39
2nd period
4. Lightning , Mitchell Marner 33 (Evgeni Dadonov 25, Frederick Gaudreau 20) at 4:24
5. Lightning , Klim Kostin 5 (Zach Whitecloud 11, Nicolas Deslauriers 14) at 11:48
Nicolas Deslauriers (TAM) for Slashing (Minor) at 9:03
3rd period
6. Blackhawks , Luke Kunin 14 (Tyler Bertuzzi 21, Michael Rasmussen 17) at 1:48
7. Blackhawks , Mikael Backlund 24 (Mark Stone 51) at 4:09 (PP)
8. Lightning , Leo Carlsson 14 (Martin Necas 34, Filip Chytil 28) at 6:04 (PP)
9. Blackhawks , Phillip Di Giuseppe 15 (Roman Josi 38, Moritz Seider 31) at 10:45
Nicolas Deslauriers (TAM) for Roughing (Minor) at 3:55
Niko Mikkola (CHI) for Tripping (Minor) at 5:52
Tomas Tatar (CHI) for High sticking (Minor) at 14:12
Goalie Stats
David Rittich (CHI), 34 saves from 38 shots - (0,895), W, 7-14-2, 60:00 minutes
Taylor Gauthier (TAM), 27 saves from 32 shots - (0,844), L, 2-5-0, 60:00 minutes
3 StarsOfficial
1 - Michael Rasmussen (CHI)
2 - Mitchell Marner (TAM)
3 - Mark Stone (CHI)
Referees : Dan Kelly and Tim Mayer
Linesman : Bevan Mills and Travis Gawryletz
Game Note
Carson Soucy beats up Klim Kostin at 11:17 of 1st period
Finance
Level 1 -- Attendance: 5964 (99,40%) -- Ticket Income $506,940
Level 2 -- Attendance: 3137 (62,74%) -- Ticket Income $235,275
Level 3 -- Attendance: 1177 (58,85%) -- Ticket Income $64,735
Level 4 -- Attendance: 1928 (48,20%) -- Ticket Income $77,120
Luxury Box -- Attendance: 892 (89,20%) -- Ticket Income $133,800
Game was played at the Tampa Baseball Stadium.
Total Attendance: 13098 (72,77%)
Total Ticket Income: $1,017,870
Other Income: $498,756
Total Income: $1,516,626



Team Name Goals Shots Shots Attemp Shots Blocked PIM HIT PP PK FO%
Blackhawks 53273911161 / 3 (33%)155%
Lightning 438721921101 / 3 (33%)145%

Blackhawks
Player Name POS G A P +/- PIM HIT SHT SB MP PP MP PP SHT PK MP PK SHT FO% FOT GA TA
Alexander AlexeyevD0002000115:321:4000:0000% 001
Carson SoucyD011-1532218:100:4001:2400% 000
Dominic ToninatoC/LW000000009:230:0000:24050% 400
Kevin HayesC/LW/RW0000011016:171:4400:450100% 200
Luke KuninC/RW1012212117:240:0600:5800% 100
Mark StoneRW1120021015:342:2200:0000% 002
Matthew BenningD000-2011318:410:0002:2600% 001
Matthew KniesLW/RW000-1011112:470:0000:0000% 100
Michael AmadioC/RW000000108:590:0000:0000% 000
Michael RasmussenC/LW/RW1122022015:350:0600:24044% 900
Mikael BacklundC1010003015:522:2220:00077% 1300
Moritz SeiderD0111001126:572:4901:5600% 011
Niko MikkolaD0002211017:250:4302:3400% 000
Phillip Di GiuseppeLW/RW1010011010:300:0601:1400% 000
Roman JosiD0110026023:132:3200:0000% 012
Tomas TatarC/LW/RW000-1205017:341:4401:4700% 100
Tyler BertuzziLW/RW0222003016:391:4400:0000% 020
Yanni GourdeC/LW000-1011019:142:2202:48050% 2411
Lightning
Player Name POS G A P +/- PIM HIT SHT SB MP PP MP PP SHT PK MP PK SHT FO% FOT GA TA
Connor McDavidC/LW0001003111:350:0000:00043% 700
Evgeni DadonovLW/RW0221001017:281:4700:0000% 310
Filip ChytilC/LW/RW011-1011116:152:2300:0000% 010
Frederick GaudreauC0111001020:071:4712:04062% 1300
Jordan SpenceD0000001117:302:1400:0000% 010
Klim KostinLW/RW1011170207:180:0000:0000% 000
Leo CarlssonC101-1032215:192:2310:00038% 1300
Logan O'ConnorRW000-2011012:590:0002:0800% 001
Martin NecasC/LW/RW011-1025118:552:2310:00067% 310
Miro HeiskanenD0001002220:141:5602:1200% 012
Mitchell MarnerRW2021006120:481:4702:08050% 420
Morgan GeekieC/RW000-2002113:050:0002:04040% 1000
Nicolas DeslauriersLW/D0111403111:440:0000:00050% 200
Nikita ZadorovD011-1031523:240:0002:1210% 001
Riley StillmanD0000002017:562:1400:0000% 000
William CarrierLW000-2003010:420:0000:0000% 010
Zach WhitecloudD011-2001321:480:0002:0000% 001
Zachary WerenskiD0000001018:381:5602:0000% 000

Blackhawks

5 vs 5 Forward
Line #Left WingCenterRight WingPHYDFOFWanted %Time %Time Play
1Kevin HayesMikael BacklundMark Stone0143129%14:39
2Tomas TatarYanni GourdeMatthew Knies1132825%12:48
3Tyler BertuzziMichael RasmussenLuke Kunin2122629%14:54
4Phillip Di GiuseppeDominic ToninatoMichael Amadio2211518%8:59
5 vs 5 Defense
Line #DefenseDefensePHYDFOFWanted %Time %Time Play
1Moritz SeiderRoman Josi1223740%20:24
2Carson SoucyMatthew Benning1313533%17:04
3Alexander AlexeyevNiko Mikkola1222827%13:52
4Moritz SeiderRoman Josi12200%0:00
Power Play Forward
Line #Left WingCenterRight WingPHYDFOFWanted %Time %Time Play
1Yanni GourdeMikael BacklundMark Stone0056059%2:28
2Tyler BertuzziKevin HayesTomas Tatar0054041%1:44
Power Play Defense
Line #DefenseDefensePHYDFOFWanted %Time %Time Play
1Roman JosiMoritz Seider0056052%2:11
2Carson SoucyAlexander Alexeyev0054048%2:01
Penalty Kill 4 Players Forward
Line #CenterWingPHYDFOFWanted %Time %Time Play
1Yanni GourdeTomas Tatar1316090%3:46
2Michael RasmussenDominic Toninato1314010%0:24
Penalty Kill 4 Players Defense
Line #DefenseDefensePHYDFOFWanted %Time %Time Play
1Niko MikkolaMatthew Benning1226066%2:46
2Carson SoucyMoritz Seider1224034%1:24
Penalty Kill 3 Players
Line #WingPHYDFOFWanted %Time %Time PlayDefenseDefensePHYDFOFWanted %Time %Time Play
1Yanni Gourde122600%0:00 Niko MikkolaMatthew Benning122600%0:00
2Michael Rasmussen122400%0:00 Carson SoucyMoritz Seider122400%0:00
4 vs 4 Forward
Line #CenterWingPHYDFOFWanted %Time %Time Play
1Mikael BacklundMark Stone122600%0:00
2Yanni GourdeTyler Bertuzzi122400%0:00
4 vs 4 Defense
Line #DefensePHYDFOFWanted %Time %Time Play
1Roman JosiMoritz Seider122600%0:00
2Carson SoucyAlexander Alexeyev122400%0:00
Last Minutes Offensive
Left WingCenterRight WingDefenseDefense
Kevin HayesYanni GourdeMark StoneRoman JosiMoritz Seider
Last Minutes Defensive
Left WingCenterRight WingDefenseDefense
Yanni GourdeMikael BacklundMichael RasmussenMatthew BenningMoritz Seider
Time
Total ForwardTotal DefenseLast Minutes OffensiveLast Minutes Defensive
60:00 60:00 0:000:18
Extra Forwards
Normal PowerPlayPenalty Kill
Kevin Hayes, Mark Stone, Mikael BacklundMikael Backlund, Mark StoneYanni Gourde
Extra Defensemen
Normal PowerPlayPenalty Kill
Roman Josi, Carson Soucy, Moritz SeiderRoman Josi, Matthew BenningMoritz Seider
Penalty Shots
Kevin Hayes, Michael Amadio, Tomas Tatar, Mark Stone, Dominic Toninato
Goalie
David Rittich, Akira Schmid
Custom OT Lines Forwards
Mark Stone, Mikael Backlund, Kevin Hayes, Tomas Tatar, Yanni Gourde, Tyler Bertuzzi, Michael Rasmussen, Phillip Di Giuseppe, Michael Amadio, Matthew Knies
Custom OT Lines Defensemen
Roman Josi, Moritz Seider, Alexander Alexeyev, Carson Soucy, Niko Mikkola
Scratches
Brock McGinn (Healthy), Pavel Mintyukov (Healthy)

Lightning

5 vs 5 Forward
Line #Left WingCenterRight WingPHYDFOFWanted %Time %Time Play
1Evgeni DadonovFrederick GaudreauMitchell Marner0142831%15:56
2Filip ChytilLeo CarlssonMartin Necas0232826%13:25
3Nicolas DeslauriersConnor McDavidKlim Kostin0232222%11:17
4William CarrierMorgan GeekieLogan O'Connor0322221%10:42
5 vs 5 Defense
Line #DefenseDefensePHYDFOFWanted %Time %Time Play
1Nikita ZadorovMiro Heiskanen1223029%14:43
2Zachary WerenskiZach Whitecloud1223029%14:53
3Riley StillmanJordan Spence1222530%15:10
4Nikita ZadorovZach Whitecloud2301513%6:34
Power Play Forward
Line #Left WingCenterRight WingPHYDFOFWanted %Time %Time Play
1Filip ChytilLeo CarlssonMartin Necas0146057%2:23
2Evgeni DadonovFrederick GaudreauMitchell Marner0144043%1:47
Power Play Defense
Line #DefenseDefensePHYDFOFWanted %Time %Time Play
1Miro HeiskanenZachary Werenski0235046%1:56
2Riley StillmanJordan Spence0235054%2:14
Penalty Kill 4 Players Forward
Line #CenterWingPHYDFOFWanted %Time %Time Play
1Frederick GaudreauMorgan Geekie0505049%2:04
2Mitchell MarnerLogan O'Connor0505051%2:08
Penalty Kill 4 Players Defense
Line #DefenseDefensePHYDFOFWanted %Time %Time Play
1Zachary WerenskiZach Whitecloud1405548%2:00
2Nikita ZadorovMiro Heiskanen1404552%2:12
Penalty Kill 3 Players
Line #WingPHYDFOFWanted %Time %Time PlayDefenseDefensePHYDFOFWanted %Time %Time Play
1Frederick Gaudreau050500%0:00 Zachary WerenskiZach Whitecloud050500%0:00
2Mitchell Marner050500%0:00 Nikita ZadorovMiro Heiskanen050500%0:00
4 vs 4 Forward
Line #CenterWingPHYDFOFWanted %Time %Time Play
1Martin NecasFilip Chytil122600%0:00
2Connor McDavidMitchell Marner122400%0:00
4 vs 4 Defense
Line #DefensePHYDFOFWanted %Time %Time Play
1Miro HeiskanenNikita Zadorov122500%0:00
2Zachary WerenskiZach Whitecloud122500%0:00
Last Minutes Offensive
Left WingCenterRight WingDefenseDefense
Martin NecasConnor McDavidMitchell MarnerMiro HeiskanenZachary Werenski
Last Minutes Defensive
Left WingCenterRight WingDefenseDefense
Filip ChytilLeo CarlssonConnor McDavidNikita ZadorovZach Whitecloud
Time
Total ForwardTotal DefenseLast Minutes OffensiveLast Minutes Defensive
60:00 60:00 0:180:00
Extra Forwards
Normal PowerPlayPenalty Kill
Martin Necas, Mitchell Marner, Filip ChytilFilip Chytil, Mitchell MarnerFrederick Gaudreau
Extra Defensemen
Normal PowerPlayPenalty Kill
Miro Heiskanen, Zachary Werenski, Zach WhitecloudMiro Heiskanen, Zachary WerenskiZach Whitecloud
Penalty Shots
Mitchell Marner, Leo Carlsson, Martin Necas, Filip Chytil, Miro Heiskanen
Goalie
Taylor Gauthier, Petr Mrazek
Custom OT Lines Forwards
Connor McDavid, Mitchell Marner, Martin Necas, Filip Chytil, Leo Carlsson, Nicolas Deslauriers, Frederick Gaudreau, Evgeni Dadonov, Morgan Geekie, Logan O'Connor
Custom OT Lines Defensemen
Miro Heiskanen, Zachary Werenski, Nikita Zadorov, Zach Whitecloud, Riley Stillman
Scratches
Alexander Nylander (Healthy), Daniel Sprong (Healthy), Joseph Woll (Healthy)


Play-by-Play

1st period


0:01 of 1st period - Kevin Hayes wins face-off versus Frederick Gaudreau in neutral zone.
0:31 of 1st period - Icing by Miro Heiskanen.
0:32 of 1st period - Mitchell Marner wins face-off versus Michael Rasmussen in Lightning zone.
0:39 of 1st period - Mitchell Marner is hit by Carson Soucy and loses puck.
1:11 of 1st period - Icing by Nikita Zadorov.
1:12 of 1st period - Yanni Gourde wins face-off versus Evgeni Dadonov in Lightning zone.
1:29 of 1st period - Snap shot by Evgeni Dadonov.
1:29 of 1st period - Shot Misses the Net.
2:29 of 1st period - Snap shot by Mitchell Marner.
2:29 of 1st period - Shot Misses the Net.
2:31 of 1st period - Slapshot by Nikita Zadorov.
2:31 of 1st period - Shot Misses the Net.
2:33 of 1st period - Slapshot by Miro Heiskanen.
2:33 of 1st period - Stopped by David Rittich with a rebound.
2:41 of 1st period - Slapshot by Mitchell Marner.
2:41 of 1st period - Stopped by David Rittich with a rebound.
2:43 of 1st period - Slapshot by Nikita Zadorov.
2:43 of 1st period - Shot Misses the Net.
2:45 of 1st period - Slapshot by Evgeni Dadonov.
2:45 of 1st period - Stopped by David Rittich with a rebound.
2:47 of 1st period - Slapshot by Mitchell Marner.
2:47 of 1st period - Goal by Mitchell Marner - Blackhawks : 0 - Lightning : 1.
2:48 of 1st period - Leo Carlsson wins face-off versus Mikael Backlund in neutral zone.
5:11 of 1st period - Snap shot by Mark Stone.
5:11 of 1st period - Goal by Mark Stone - Blackhawks : 1 - Lightning : 1.
5:12 of 1st period - Yanni Gourde wins face-off versus Leo Carlsson in neutral zone.
5:15 of 1st period - Slapshot by Matthew Knies.
5:15 of 1st period - Shot Misses the Net.
5:23 of 1st period - Snap shot by Tomas Tatar.
5:23 of 1st period - Shot Blocked by Filip Chytil.
5:25 of 1st period - Slapshot by Moritz Seider.
5:25 of 1st period - Shot Blocked by Zach Whitecloud.
5:27 of 1st period - Snap shot by Yanni Gourde.
5:27 of 1st period - Shot Misses the Net.
5:43 of 1st period - Wrist shot by Morgan Geekie.
5:43 of 1st period - Shot Misses the Net.
6:43 of 1st period - Snap shot by Tomas Tatar.
6:43 of 1st period - Stopped by Taylor Gauthier with a rebound.
6:45 of 1st period - Slapshot by Niko Mikkola.
6:45 of 1st period - Deflect By Leo Carlsson.
6:45 of 1st period - Stopped by Taylor Gauthier with a rebound.
6:47 of 1st period - Snap shot by Matthew Knies.
6:47 of 1st period - Shot Misses the Net.
6:49 of 1st period - Snap shot by Tomas Tatar.
6:49 of 1st period - Stopped by Taylor Gauthier with a rebound.
6:59 of 1st period - Martin Necas is hit by Niko Mikkola and loses puck.
7:25 of 1st period - Wrist shot by Filip Chytil.
7:25 of 1st period - Shot Misses the Net.
7:27 of 1st period - Snap shot by Leo Carlsson.
7:27 of 1st period - Stopped by David Rittich with a rebound.
7:29 of 1st period - Slapshot by Riley Stillman.
7:29 of 1st period - Deflect By Filip Chytil.
7:29 of 1st period - Shot Misses the Net.
7:29 of 1st period - Puck is out of play.
7:30 of 1st period - Yanni Gourde wins face-off versus Morgan Geekie in Blackhawks zone.
8:20 of 1st period - Backhand shot by Tyler Bertuzzi.
8:20 of 1st period - Shot Blocked by Nikita Zadorov.
9:23 of 1st period - Matthew Knies is hit by Leo Carlsson and loses puck.
10:12 of 1st period - Moritz Seider is hit by Logan O'Connor and loses puck.
10:29 of 1st period - Wrist shot by Tyler Bertuzzi.
10:29 of 1st period - Stopped by Taylor Gauthier with a rebound.
10:31 of 1st period - Slapshot by Moritz Seider.
10:31 of 1st period - Shot Blocked by Martin Necas.
11:12 of 1st period - Slapshot by Tyler Bertuzzi.
11:12 of 1st period - Stopped by Taylor Gauthier with a rebound.
11:14 of 1st period - Wrist shot by Tyler Bertuzzi.
11:14 of 1st period - Deflect By Michael Rasmussen.
11:14 of 1st period - Goal by Michael Rasmussen - Blackhawks : 2 - Lightning : 1.
11:15 of 1st period - Connor McDavid wins face-off versus Michael Rasmussen in neutral zone.
11:17 of 1st period - Carson Soucy beats up Klim Kostin.
11:17 of 1st period - Penalty to Klim Kostin for Fighting.
11:17 of 1st period - Penalty to Carson Soucy for Fighting.
11:17 of 1st period - Penalty to Klim Kostin for instigated a fight.
11:17 of 1st period - Penalty to Klim Kostin for instigated a fight.
11:18 of 1st period - Mikael Backlund wins face-off versus Morgan Geekie in Blackhawks zone.
13:14 of 1st period - Frederick Gaudreau is hit by Phillip Di Giuseppe and loses puck.
13:17 of 1st period - Penalty to Klim Kostin is over, Filip Chytil is send on ice.
13:40 of 1st period - Wrist shot by Filip Chytil.
13:40 of 1st period - Shot Blocked by Matthew Benning.
13:46 of 1st period - Morgan Geekie is hit by Matthew Benning and loses puck.
14:31 of 1st period - Snap shot by Michael Rasmussen.
14:31 of 1st period - Deflect By Luke Kunin.
14:31 of 1st period - Shot Misses the Net.
14:31 of 1st period - Puck is out of play.
14:32 of 1st period - Michael Rasmussen wins face-off versus Connor McDavid in Lightning zone.
14:56 of 1st period - Slapshot by Leo Carlsson.
14:56 of 1st period - Shot Misses the Net.
15:50 of 1st period - Snap shot by Michael Amadio.
15:50 of 1st period - Shot Blocked by Zach Whitecloud.
15:59 of 1st period - Icing by Niko Mikkola.
16:00 of 1st period - Dominic Toninato wins face-off versus Leo Carlsson in Blackhawks zone.
16:27 of 1st period - Wrist shot by Matthew Knies.
16:27 of 1st period - Shot Blocked by Connor McDavid.
16:47 of 1st period - Morgan Geekie is hit by Carson Soucy and loses puck.
16:52 of 1st period - Slapshot by Roman Josi.
16:52 of 1st period - Stopped by Taylor Gauthier without a rebound.
16:53 of 1st period - Mikael Backlund wins face-off versus Leo Carlsson in Lightning zone.
16:54 of 1st period - Snap shot by Mark Stone.
16:54 of 1st period - Shot Misses the Net.
16:56 of 1st period - Slapshot by Roman Josi.
16:56 of 1st period - Shot Blocked by Nikita Zadorov.
17:00 of 1st period - Wrist shot by Mark Stone.
17:00 of 1st period - Shot Blocked by Leo Carlsson.
17:02 of 1st period - Snap shot by Moritz Seider.
17:02 of 1st period - Shot Blocked by Leo Carlsson.
17:04 of 1st period - Snap shot by Mikael Backlund.
17:04 of 1st period - Stopped by Taylor Gauthier without a rebound.
17:05 of 1st period - Morgan Geekie wins face-off versus Yanni Gourde in Lightning zone.
17:20 of 1st period - Slapshot by Roman Josi.
17:20 of 1st period - Deflect By Tomas Tatar.
17:20 of 1st period - Stopped by Taylor Gauthier with a rebound.
17:32 of 1st period - Mikael Backlund is hit by Filip Chytil and loses puck.
17:39 of 1st period - Snap shot by Martin Necas.
17:39 of 1st period - Stopped by David Rittich without a rebound.
17:40 of 1st period - Michael Rasmussen wins face-off versus Connor McDavid in Blackhawks zone.
17:47 of 1st period - Slapshot by Tyler Bertuzzi.
17:47 of 1st period - Stopped by Taylor Gauthier with a rebound.
17:49 of 1st period - Snap shot by Matthew Benning.
17:49 of 1st period - Stopped by Taylor Gauthier without a rebound.
17:50 of 1st period - Connor McDavid wins face-off versus Michael Rasmussen in Lightning zone.
17:50 of 1st period - Connor McDavid is hit by Michael Rasmussen.
18:00 of 1st period - Slapshot by Connor McDavid.
18:00 of 1st period - Shot Misses the Net.
18:02 of 1st period - Slapshot by Connor McDavid.
18:02 of 1st period - Stopped by David Rittich with a rebound.
18:04 of 1st period - Wrist shot by Martin Necas.
18:04 of 1st period - Stopped by David Rittich with a rebound.
18:26 of 1st period - Snap shot by Connor McDavid.
18:26 of 1st period - Stopped by David Rittich with a rebound.
18:28 of 1st period - Wrist shot by Riley Stillman.
18:28 of 1st period - Stopped by David Rittich with a rebound.
19:02 of 1st period - Wrist shot by Connor McDavid.
19:02 of 1st period - Shot Blocked by Matthew Benning.
19:04 of 1st period - Snap shot by Martin Necas.
19:04 of 1st period - Shot Blocked by Carson Soucy.
19:06 of 1st period - Snap shot by Martin Necas.
19:06 of 1st period - Shot Blocked by Carson Soucy.
19:18 of 1st period - Snap shot by Martin Necas.
19:18 of 1st period - Shot Misses the Net.
19:20 of 1st period - Wrist shot by Martin Necas.
19:20 of 1st period - Shot Blocked by Luke Kunin.
19:22 of 1st period - Slapshot by Jordan Spence.
19:22 of 1st period - Stopped by David Rittich with a rebound.
19:24 of 1st period - Wrist shot by Connor McDavid.
19:24 of 1st period - Shot Misses the Net.
19:26 of 1st period - Snap shot by Riley Stillman.
19:26 of 1st period - Deflect By Matthew Benning.
19:26 of 1st period - Stopped by David Rittich with a rebound.
19:28 of 1st period - Slapshot by Jordan Spence.
19:28 of 1st period - Deflect By Martin Necas.
19:28 of 1st period - Stopped by David Rittich with a rebound.
19:30 of 1st period - Snap shot by Nicolas Deslauriers.
19:30 of 1st period - Shot Misses the Net.
19:39 of 1st period - Minor Penalty to Luke Kunin for Holding.
19:40 of 1st period - Frederick Gaudreau wins face-off versus Yanni Gourde in Blackhawks zone.
19:46 of 1st period - Slapshot by Frederick Gaudreau.
19:46 of 1st period - Stopped by David Rittich with a rebound.
Goals for this period are 2 for Blackhawks vs 1 for Lightning.
Shots for this period are 12 for Blackhawks vs 14 for Lightning.

2nd period


0:01 of 2nd period - Leo Carlsson wins face-off versus Yanni Gourde in neutral zone.
0:14 of 2nd period - Snap shot by Tomas Tatar.
0:14 of 2nd period - Shot Misses the Net.
0:40 of 2nd period - Icing by Riley Stillman.
0:41 of 2nd period - Yanni Gourde wins face-off versus Frederick Gaudreau in Lightning zone.
1:18 of 2nd period - Off-side.
1:19 of 2nd period - Yanni Gourde wins face-off versus Leo Carlsson in neutral zone.
1:25 of 2nd period - Icing by Miro Heiskanen.
1:26 of 2nd period - Yanni Gourde wins face-off versus Leo Carlsson in Lightning zone.
1:39 of 2nd period - Penalty to Luke Kunin is over, Luke Kunin is back on ice.
1:43 of 2nd period - Wrist shot by Mitchell Marner.
1:43 of 2nd period - Stopped by David Rittich with a rebound.
2:11 of 2nd period - Snap shot by Morgan Geekie.
2:11 of 2nd period - Deflect By Logan O'Connor.
2:11 of 2nd period - Stopped by David Rittich with a rebound.
2:53 of 2nd period - Snap shot by Mitchell Marner.
2:53 of 2nd period - Shot Blocked by Moritz Seider.
3:25 of 2nd period - Alexander Alexeyev is hit by Martin Necas and loses puck.
3:50 of 2nd period - Miro Heiskanen is hit by Kevin Hayes and loses puck.
4:07 of 2nd period - Evgeni Dadonov is hit by Mark Stone and loses puck.
4:24 of 2nd period - Wrist shot by Mitchell Marner.
4:24 of 2nd period - Goal by Mitchell Marner - Blackhawks : 2 - Lightning : 2.
4:25 of 2nd period - Leo Carlsson wins face-off versus Michael Rasmussen in neutral zone.
5:07 of 2nd period - Phillip Di Giuseppe is hit by Leo Carlsson.
5:27 of 2nd period - Snap shot by Yanni Gourde.
5:27 of 2nd period - Shot Misses the Net.
5:43 of 2nd period - Wrist shot by Zachary Werenski.
5:43 of 2nd period - Shot Misses the Net.
5:59 of 2nd period - Wrist shot by Michael Amadio.
5:59 of 2nd period - Shot Misses the Net.
6:01 of 2nd period - Slapshot by Carson Soucy.
6:01 of 2nd period - Deflect By Zachary Werenski.
6:01 of 2nd period - Stopped by Taylor Gauthier with a rebound.
6:17 of 2nd period - 10 Minutes Misconduct Penalty to Klim Kostin is over.
6:49 of 2nd period - Snap shot by Tomas Tatar.
6:49 of 2nd period - Shot Misses the Net.
6:51 of 2nd period - Snap shot by Michael Rasmussen.
6:51 of 2nd period - Shot Misses the Net.
6:53 of 2nd period - Slapshot by Carson Soucy.
6:53 of 2nd period - Stopped by Taylor Gauthier without a rebound.
6:54 of 2nd period - Mikael Backlund wins face-off versus Frederick Gaudreau in Lightning zone.
7:50 of 2nd period - Slapshot by Luke Kunin.
7:50 of 2nd period - Shot Misses the Net.
7:52 of 2nd period - Slapshot by Niko Mikkola.
7:52 of 2nd period - Deflect By Michael Rasmussen.
7:52 of 2nd period - Shot Misses the Net.
7:52 of 2nd period - Puck is out of play.
7:53 of 2nd period - Kevin Hayes wins face-off versus Leo Carlsson in Lightning zone.
7:56 of 2nd period - Snap shot by Kevin Hayes.
7:56 of 2nd period - Stopped by Taylor Gauthier with a rebound.
7:58 of 2nd period - Snap shot by Moritz Seider.
7:58 of 2nd period - Shot Blocked by Miro Heiskanen.
8:04 of 2nd period - Slapshot by Mark Stone.
8:04 of 2nd period - Shot Misses the Net.
8:06 of 2nd period - Snap shot by Roman Josi.
8:06 of 2nd period - Stopped by Taylor Gauthier without a rebound.
8:07 of 2nd period - Morgan Geekie wins face-off versus Tomas Tatar in Lightning zone.
8:22 of 2nd period - Snap shot by Tomas Tatar.
8:22 of 2nd period - Stopped by Taylor Gauthier with a rebound.
9:03 of 2nd period - Minor Penalty to Nicolas Deslauriers for Slashing.
9:04 of 2nd period - Mitchell Marner wins face-off versus Mikael Backlund in Lightning zone.
9:26 of 2nd period - Slapshot by Zachary Werenski.
9:26 of 2nd period - Shot Misses the Net.
9:28 of 2nd period - Slapshot by Nikita Zadorov.
9:28 of 2nd period - Stopped by David Rittich without a rebound.
9:29 of 2nd period - Mikael Backlund wins face-off versus Mitchell Marner in Blackhawks zone.
9:40 of 2nd period - Snap shot by Mark Stone.
9:40 of 2nd period - Shot Misses the Net.
11:03 of 2nd period - Penalty to Nicolas Deslauriers is over, Nicolas Deslauriers is back on ice.
11:07 of 2nd period - Backhand shot by Phillip Di Giuseppe.
11:07 of 2nd period - Shot Blocked by Miro Heiskanen.
11:09 of 2nd period - Snap shot by Michael Amadio.
11:09 of 2nd period - Shot Blocked by Nikita Zadorov.
11:11 of 2nd period - Wrist shot by Michael Amadio.
11:11 of 2nd period - Stopped by Taylor Gauthier without a rebound.
11:12 of 2nd period - Dominic Toninato wins face-off versus Leo Carlsson in Lightning zone.
11:44 of 2nd period - Slapshot by Nicolas Deslauriers.
11:44 of 2nd period - Stopped by David Rittich with a rebound.
11:46 of 2nd period - Slapshot by Zach Whitecloud.
11:46 of 2nd period - Stopped by David Rittich with a rebound.
11:48 of 2nd period - Wrist shot by Klim Kostin.
11:48 of 2nd period - Goal by Klim Kostin - Blackhawks : 2 - Lightning : 3.
11:49 of 2nd period - Frederick Gaudreau wins face-off versus Yanni Gourde in neutral zone.
12:14 of 2nd period - Luke Kunin is hit by Nikita Zadorov and loses puck.
12:37 of 2nd period - Slapshot by Nikita Zadorov.
12:37 of 2nd period - Shot Misses the Net.
12:50 of 2nd period - Wrist shot by Filip Chytil.
12:50 of 2nd period - Stopped by David Rittich without a rebound.
12:51 of 2nd period - Frederick Gaudreau wins face-off versus Yanni Gourde in Blackhawks zone.
12:56 of 2nd period - Slapshot by Evgeni Dadonov.
12:56 of 2nd period - Shot Misses the Net.
13:06 of 2nd period - Slapshot by Moritz Seider.
13:06 of 2nd period - Shot Misses the Net.
13:29 of 2nd period - Snap shot by Mitchell Marner.
13:29 of 2nd period - Stopped by David Rittich with a rebound.
14:44 of 2nd period - Icing by Carson Soucy.
14:45 of 2nd period - Martin Necas wins face-off versus Dominic Toninato in Blackhawks zone.
14:46 of 2nd period - Slapshot by Leo Carlsson.
14:46 of 2nd period - Shot Misses the Net.
15:13 of 2nd period - Off-side.
15:14 of 2nd period - Yanni Gourde wins face-off versus Morgan Geekie in neutral zone.
15:41 of 2nd period - Riley Stillman is hit by Matthew Knies and loses puck.
15:53 of 2nd period - Off-side.
15:54 of 2nd period - Michael Rasmussen wins face-off versus Martin Necas in neutral zone.
16:09 of 2nd period - Snap shot by Luke Kunin.
16:09 of 2nd period - Shot Misses the Net.
16:24 of 2nd period - Slapshot by Filip Chytil.
16:24 of 2nd period - Deflect By Leo Carlsson.
16:24 of 2nd period - Shot Misses the Net.
16:24 of 2nd period - Puck is out of play.
16:25 of 2nd period - Connor McDavid wins face-off versus Mikael Backlund in Blackhawks zone.
16:30 of 2nd period - Snap shot by Klim Kostin.
16:30 of 2nd period - Stopped by David Rittich with a rebound.
16:32 of 2nd period - Slapshot by Nicolas Deslauriers.
16:32 of 2nd period - Stopped by David Rittich without a rebound.
16:33 of 2nd period - Yanni Gourde wins face-off versus Connor McDavid in Blackhawks zone.
16:43 of 2nd period - Icing by Nikita Zadorov.
16:44 of 2nd period - Nicolas Deslauriers wins face-off versus Yanni Gourde in Lightning zone.
17:11 of 2nd period - Icing by Martin Necas.
17:12 of 2nd period - Michael Rasmussen wins face-off versus Leo Carlsson in Lightning zone.
17:25 of 2nd period - Niko Mikkola is hit by Leo Carlsson and loses puck.
18:58 of 2nd period - Off-side.
18:59 of 2nd period - Morgan Geekie wins face-off versus Matthew Knies in neutral zone.
19:06 of 2nd period - Backhand shot by William Carrier.
19:06 of 2nd period - Stopped by David Rittich with a rebound.
19:08 of 2nd period - Slapshot by Zachary Werenski.
19:08 of 2nd period - Shot Misses the Net.
19:24 of 2nd period - Frederick Gaudreau is hit by Mark Stone and loses puck.
19:58 of 2nd period - Backhand shot by Roman Josi.
19:58 of 2nd period - Shot Blocked by Nicolas Deslauriers.
Goals for this period are 0 for Blackhawks vs 2 for Lightning.
Shots for this period are 6 for Blackhawks vs 12 for Lightning.

3rd period


0:01 of 3rd period - Yanni Gourde wins face-off versus Morgan Geekie in neutral zone.
0:10 of 3rd period - Slapshot by William Carrier.
0:10 of 3rd period - Shot Blocked by Matthew Knies.
0:22 of 3rd period - Matthew Knies is hit by Nikita Zadorov and loses puck.
0:35 of 3rd period - Snap shot by William Carrier.
0:35 of 3rd period - Stopped by David Rittich with a rebound.
0:45 of 3rd period - Slapshot by Roman Josi.
0:45 of 3rd period - Stopped by Taylor Gauthier without a rebound.
0:46 of 3rd period - Mikael Backlund wins face-off versus Evgeni Dadonov in Lightning zone.
0:51 of 3rd period - Backhand shot by Kevin Hayes.
0:51 of 3rd period - Shot Misses the Net.
0:57 of 3rd period - Wrist shot by Frederick Gaudreau.
0:57 of 3rd period - Shot Blocked by Matthew Benning.
1:16 of 3rd period - Slapshot by Jordan Spence.
1:16 of 3rd period - Deflect By Martin Necas.
1:16 of 3rd period - Stopped by David Rittich without a rebound.
1:17 of 3rd period - Leo Carlsson wins face-off versus Michael Rasmussen in Blackhawks zone.
1:39 of 3rd period - Martin Necas is hit by Luke Kunin and loses puck.
1:46 of 3rd period - Wrist shot by Tyler Bertuzzi.
1:46 of 3rd period - Shot Blocked by Zach Whitecloud.
1:48 of 3rd period - Slapshot by Luke Kunin.
1:48 of 3rd period - Goal by Luke Kunin - Blackhawks : 3 - Lightning : 3.
1:49 of 3rd period - Yanni Gourde wins face-off versus Evgeni Dadonov in neutral zone.
1:52 of 3rd period - Mitchell Marner is hit by Roman Josi and loses puck.
2:40 of 3rd period - Slapshot by Zachary Werenski.
2:40 of 3rd period - Stopped by David Rittich with a rebound.
2:56 of 3rd period - Leo Carlsson is hit by Yanni Gourde and loses puck.
3:07 of 3rd period - Wrist shot by Yanni Gourde.
3:07 of 3rd period - Deflect By Tomas Tatar.
3:07 of 3rd period - Stopped by Taylor Gauthier with a rebound.
3:25 of 3rd period - Snap shot by Mitchell Marner.
3:25 of 3rd period - Stopped by David Rittich with a rebound.
3:27 of 3rd period - Backhand shot by Zachary Werenski.
3:27 of 3rd period - Shot Blocked by Alexander Alexeyev.
3:55 of 3rd period - Minor Penalty to Nicolas Deslauriers for Roughing.
3:56 of 3rd period - Mikael Backlund wins face-off versus Mitchell Marner in Lightning zone.
3:59 of 3rd period - Snap shot by Mikael Backlund.
3:59 of 3rd period - Shot Misses the Net.
4:05 of 3rd period - Slapshot by Mikael Backlund.
4:05 of 3rd period - Stopped by Taylor Gauthier with a rebound.
4:07 of 3rd period - Snap shot by Mikael Backlund.
4:07 of 3rd period - Shot Blocked by Nikita Zadorov.
4:09 of 3rd period - Wrist shot by Mikael Backlund.
4:09 of 3rd period - Goal by Mikael Backlund - Blackhawks : 4 - Lightning : 3.
4:10 of 3rd period - Yanni Gourde wins face-off versus Frederick Gaudreau in neutral zone.
4:16 of 3rd period - Off-side.
4:17 of 3rd period - Frederick Gaudreau wins face-off versus Yanni Gourde in neutral zone.
4:42 of 3rd period - Backhand shot by Miro Heiskanen.
4:42 of 3rd period - Shot Misses the Net.
5:28 of 3rd period - Wrist shot by Tomas Tatar.
5:28 of 3rd period - Shot Blocked by Nikita Zadorov.
5:30 of 3rd period - Snap shot by Matthew Knies.
5:30 of 3rd period - Stopped by Taylor Gauthier without a rebound.
5:31 of 3rd period - Mikael Backlund wins face-off versus Frederick Gaudreau in Lightning zone.
5:52 of 3rd period - Minor Penalty to Niko Mikkola for Tripping.
5:53 of 3rd period - Martin Necas wins face-off versus Yanni Gourde in Blackhawks zone.
6:04 of 3rd period - Snap shot by Leo Carlsson.
6:04 of 3rd period - Goal by Leo Carlsson - Blackhawks : 4 - Lightning : 4.
6:05 of 3rd period - Frederick Gaudreau wins face-off versus Yanni Gourde in neutral zone.
6:18 of 3rd period - Slapshot by Tomas Tatar.
6:18 of 3rd period - Deflect By Matthew Knies.
6:18 of 3rd period - Shot Misses the Net.
6:18 of 3rd period - Puck is out of play.
6:19 of 3rd period - Mikael Backlund wins face-off versus Morgan Geekie in Lightning zone.
7:10 of 3rd period - Nicolas Deslauriers is hit by Carson Soucy and loses puck.
8:39 of 3rd period - Zachary Werenski is hit by Michael Rasmussen and loses puck.
8:44 of 3rd period - Snap shot by Roman Josi.
8:44 of 3rd period - Shot Misses the Net.
9:56 of 3rd period - Tomas Tatar is hit by Nikita Zadorov and loses puck.
10:29 of 3rd period - Snap shot by Roman Josi.
10:29 of 3rd period - Stopped by Taylor Gauthier with a rebound.
10:31 of 3rd period - Slapshot by Moritz Seider.
10:31 of 3rd period - Stopped by Taylor Gauthier without a rebound.
10:32 of 3rd period - Morgan Geekie wins face-off versus Dominic Toninato in Lightning zone.
10:41 of 3rd period - Snap shot by Roman Josi.
10:41 of 3rd period - Shot Misses the Net.
10:43 of 3rd period - Slapshot by Roman Josi.
10:43 of 3rd period - Stopped by Taylor Gauthier with a rebound.
10:45 of 3rd period - Wrist shot by Phillip Di Giuseppe.
10:45 of 3rd period - Goal by Phillip Di Giuseppe - Blackhawks : 5 - Lightning : 4.
10:46 of 3rd period - Frederick Gaudreau wins face-off versus Yanni Gourde in neutral zone.
11:18 of 3rd period - Snap shot by Leo Carlsson.
11:18 of 3rd period - Shot Misses the Net.
12:01 of 3rd period - Slapshot by Phillip Di Giuseppe.
12:01 of 3rd period - Shot Blocked by Morgan Geekie.
12:17 of 3rd period - Zachary Werenski is hit by Roman Josi and loses puck.
12:44 of 3rd period - Backhand shot by Roman Josi.
12:44 of 3rd period - Deflect By Filip Chytil.
12:44 of 3rd period - Stopped by Taylor Gauthier with a rebound.
13:10 of 3rd period - Backhand shot by Klim Kostin.
13:10 of 3rd period - Shot Hit the Post.
13:24 of 3rd period - Snap shot by Miro Heiskanen.
13:24 of 3rd period - Deflect By Morgan Geekie.
13:24 of 3rd period - Stopped by David Rittich with a rebound.
13:26 of 3rd period - Snap shot by Miro Heiskanen.
13:26 of 3rd period - Stopped by David Rittich with a rebound.
13:28 of 3rd period - Snap shot by Morgan Geekie.
13:28 of 3rd period - Shot Misses the Net.
13:30 of 3rd period - Wrist shot by Morgan Geekie.
13:30 of 3rd period - Stopped by David Rittich without a rebound.
13:31 of 3rd period - Frederick Gaudreau wins face-off versus Yanni Gourde in Blackhawks zone.
14:03 of 3rd period - Slapshot by Yanni Gourde.
14:03 of 3rd period - Stopped by Taylor Gauthier with a rebound.
14:12 of 3rd period - Minor Penalty to Tomas Tatar for High sticking.
14:13 of 3rd period - Leo Carlsson wins face-off versus Yanni Gourde in Blackhawks zone.
14:29 of 3rd period - Slapshot by Martin Necas.
14:29 of 3rd period - Stopped by David Rittich with a rebound.
14:41 of 3rd period - Matthew Benning is hit by Martin Necas and loses puck.
14:57 of 3rd period - Icing by Zachary Werenski.
14:58 of 3rd period - Frederick Gaudreau wins face-off versus Luke Kunin in Lightning zone.
16:12 of 3rd period - Penalty to Tomas Tatar is over, Tomas Tatar is back on ice.
16:26 of 3rd period - Snap shot by Nicolas Deslauriers.
16:26 of 3rd period - Stopped by David Rittich with a rebound.
16:28 of 3rd period - Wrist shot by Connor McDavid.
16:28 of 3rd period - Stopped by David Rittich without a rebound.
16:29 of 3rd period - Yanni Gourde wins face-off versus Nicolas Deslauriers in Blackhawks zone.
16:39 of 3rd period - Off-side.
16:40 of 3rd period - Mikael Backlund wins face-off versus Morgan Geekie in neutral zone.
16:45 of 3rd period - Snap shot by Kevin Hayes.
16:45 of 3rd period - Shot Misses the Net.
16:55 of 3rd period - Wrist shot by Logan O'Connor.
16:55 of 3rd period - Deflect By William Carrier.
16:55 of 3rd period - Stopped by David Rittich with a rebound.
17:48 of 3rd period - Slapshot by Evgeni Dadonov.
17:48 of 3rd period - Shot Misses the Net.
18:39 of 3rd period - Slapshot by Mitchell Marner.
18:39 of 3rd period - Shot Misses the Net.
19:07 of 3rd period - Snap shot by Tyler Bertuzzi.
19:07 of 3rd period - Deflect By Michael Rasmussen.
19:07 of 3rd period - Stopped by Taylor Gauthier with a rebound.
19:09 of 3rd period - Slapshot by Tyler Bertuzzi.
19:09 of 3rd period - Shot Blocked by Mitchell Marner.
19:11 of 3rd period - Slapshot by Roman Josi.
19:11 of 3rd period - Shot Blocked by Jordan Spence.
19:41 of 3rd period - Wrist shot by Moritz Seider.
19:41 of 3rd period - Deflect By Luke Kunin.
19:41 of 3rd period - Stopped by Taylor Gauthier without a rebound.
19:42 of 3rd period - Darryl Sutter call a timeout for Lightning.
19:42 of 3rd period - Mikael Backlund wins face-off versus Connor McDavid in Lightning zone.
Goals for this period are 3 for Blackhawks vs 1 for Lightning.
Shots for this period are 14 for Blackhawks vs 12 for Lightning.




Output by the SimonT Hockey Simulator (STHS) for Eric Tremblay - Original Page W3C HTML5 Valid
Hockey Simulator - Hockey Simulation - Hockey Manager